Map: Berlingrad LE

Players

Johannibis - Winner!

  • Race: Zerg Zerg
  • League: Diamond

KingOfBlades

  • Race: Terran Terran
  • League: Platinum

VOD

Have the link to the VOD?

Description

Time

  • Played on: Jan. 31, 2022, 5:16 p.m.
  • Length: 13:32
Show
View Real Time Build Order
Export as new Build Order

Johannibis Zerg - Winner!

Build Orders: Pool First, Swarm Host 

Get SALT Encoding   

  12  0:00  Drone  
  13  0:13  Overlord  
  13  0:18  Drone  
  14  0:28  Extractor  
  13  0:39  Spawning Pool  
  13  0:40  Drone  
  13  0:45  Extractor  
  13  0:46  Drone  
  13  0:52  Drone  
  14  0:57  Drone  
  14  1:03  Drone  
  16  1:18  Drone  
  17  1:25  Lair  
  17  1:33  Drone  
  17  1:38  Drone  
  19  1:45  Drone  
  20  1:55  Drone  
  20  1:58  Spine Crawler  
  20  2:05  Overlord  
  20  2:23  Queen  
  20  2:27  Drone  
  20  2:28  Infestation Pit  
  22  2:38  Spine Crawler  
  22  2:47  Spine Crawler  
  18  2:54  Infestation Pit  
  18  2:57  Zergling x2  
  18  2:58  Zergling x2  
  19  3:18  Queen  
  19  3:19  Drone  
  22  3:22  Overlord  
  18  3:43  Swarm Host x2  
  24  4:00  Swarm Host  
  24  4:01  Swarm Host  
  28  4:22  Overlord  
  28  4:42  Hatchery  
  27  5:00  Swarm Host  
  30  6:04  Swarm Host  
  33  6:15  Drone  
  33  6:17  Queen  
  36  6:31  Drone x2  
  38  6:43  Overlord  
  38  7:21  Swarm Host  
  41  7:24  Drone  
  41  7:25  Drone  
  43  7:37  Queen  
  43  7:43  Drone  
  46  7:45  Overlord x2  
  46  7:50  Hatchery  
  46  7:58  Drone, Spore Crawler  
  46  7:59  Spore Crawler  
  44  8:09  Drone  
  44  8:10  Drone x2  
  49  8:25  Lair  
  44  8:37  Drone  
  44  8:38  Drone x2  
  47  8:54  Drone x3  
  50  9:00  Swarm Host  
  53  9:08  Queen  
  55  9:12  Drone  
  55  9:13  Drone  
  57  9:27  Drone, Extractor x2  
  57  9:28  Drone x3  
  59  9:35  Drone  
  60  9:39  Drone, Nydus Network  
  60  9:42  Overseer  
  60  9:48  Drone  
  62  9:52  Drone  
  62  9:54  Queen  
  64  10:01  Swarm Host  
  64  10:03  Overlord  
  67  10:19  Nydus Canal  
  67  10:26  Drone x6  
  67  10:27  Hydralisk Den  
  72  10:32  Pneumatized Carapace  
  72  10:38  Overseer  
  72  11:01  Hydralisk  
  72  11:02  Hydralisk x2  
  75  11:05  Overlord, Grooved Spines  
  75  11:06  Overlord x3  
  75  11:33  Nydus Canal  
  75  11:35  Queen  
  75  11:36  Hydralisk x6  
  89  11:49  Overseer  
  87  12:17  Muscular Augments  
  87  12:22  Hydralisk  
  87  12:23  Hydralisk x9  
  107  12:43  Overlord x6  
  107  13:00  Overseer  
  107  13:03  Drone x2  
  109  13:16  Extractor  
  109  13:18  Hatchery  
  107  13:21  Extractor  
  107  13:27  Hatchery  
Show
View Real Time Build Order
Export as new Build Order

KingOfBlades Terran 

Build Orders:  

Get SALT Encoding   

  12  0:00  SCV  
  13  0:12  SCV  
  14  0:19  Supply Depot  
  14  0:24  SCV  
  15  0:42  Barracks  
  15  0:53  Barracks  
  15  1:05  Barracks  
  15  1:16  SCV  
  16  1:23  Supply Depot  
  16  1:31  Marine  
  17  1:42  Marine, Bunker  
  18  1:49  Marine  
  18  1:52  Bunker  
  18  1:53  Marine  
  20  2:06  SCV  
  21  2:09  Refinery  
  21  2:20  Marine x2  
  21  2:22  Bunker  
  23  2:38  Marine  
  23  2:39  Marine  
  25  2:52  Marine  
  25  2:56  Marine x2  
  28  3:09  Marine  
  27  3:14  Marine x2  
  27  3:17  Supply Depot  
  29  3:27  Marine  
  29  3:32  Marine  
  31  3:35  Marine  
  30  3:43  Supply Depot  
  30  3:45  Marine  
  31  3:50  Marine  
  31  3:53  Marine  
  32  4:03  Marine  
  32  4:07  Marine  
  33  4:11  Marine  
  33  4:21  Marine  
  33  4:22  Orbital Command  
  34  4:25  Marine  
  34  4:29  Marine  
  31  4:38  Marine  
  31  4:43  Marine  
  31  4:47  Marine  
  31  4:56  Marine  
  32  5:01  Marine  
  32  5:04  Marine  
  32  5:14  Marine  
  32  5:19  Marine  
  34  5:25  Marine  
  32  5:32  Marine  
  31  5:42  SCV  
  32  5:45  Marine x2  
  33  5:50  Marine, Supply Depot  
  33  5:54  SCV  
  33  5:56  Factory  
  35  6:03  Marine x2  
  37  6:07  Marine  
  37  6:25  SCV  
  37  6:26  Refinery  
  37  6:29  Supply Depot  
  36  6:37  SCV  
  37  6:40  Starport  
  37  6:42  Factory Tech Lab  
  37  6:49  Marine  
  37  6:50  Marine x2  
  32  7:07  Marine x2  
  29  7:09  Marine  
  30  7:25  Marine  
  30  7:33  Banshee  
  28  7:55  Marine x2  
  28  7:56  Marine  
  31  8:02  SCV  
  32  8:12  Command Center  
  26  8:55  Starport  
  26  8:58  Marine x3  
  29  9:13  SCV  
  30  9:31  Orbital Command  
  30  9:32  Starport Tech Lab  
  30  9:38  Starport  
  30  9:39  Starport  
  30  9:50  Orbital Command  
  30  9:52  Banshee  
  33  9:53  Cloaking Field  
  33  10:03  SCV  
  34  10:15  Starport Tech Lab x2, SCV  
  35  10:28  SCV x2  
  37  10:32  Orbital Command  
  40  10:36  Banshee x2  
  46  10:55  Factory Tech Lab  
  45  11:06  Viking  
  44  11:23  Orbital Command  
  44  11:44  SCV  
  45  11:56  SCV  
  39  12:43  Command Center  
  39  12:45  Barracks  
  39  12:49  Command Center  
Tags
 
Add a new tag
Caveats
  • Supply blocks, unpowered buildings, or Contaminate may cause inaccurate times.
  • Supply counts are checked every 10 seconds.